 Dungeon Crawl Stone Soup version 0.24.0-2-g5b39cebb1c (webtiles) character file.

Game seed: 17743451782091545012, levelgen mode: deterministic

114 Mrkan the Covered (level 4, -4/41 HPs)
             Began as a Minotaur Fighter on Oct 31, 2019.
             Killed from afar by an orc wizard (9 damage)
             ... with a puff of flame
             ... on level 3 of the Dungeon.
             The game lasted 00:02:48 (1788 turns).

Mrkan the Covered (Minotaur Fighter)                Turns: 1788, Time: 00:02:49

Health: -4/41      AC:  7    Str: 26    XL:     4   Next: 66%
Magic:  3/3        EV:  7    Int:  5    God:
Gold:   154        SH: 10    Dex: 10    Spells: 3/3 levels left

rFire    . . .     SeeInvis .   a - +0 flail
rCold    . . .     Gourm    .   c - +0 shield
rNeg     . . .     Faith    .   b - +0 scale mail
rPois    .         Spirit   .   (helmet restricted)
rElec    .         Reflect  .   (no cloak)
rCorr    .         Harm     .   (no gloves)
MR       .....                  (no boots)
Stlth    ..........             (no amulet)
HPRegen  0.13/turn              (no ring)
MPRegen  0.08/turn              (no ring)

@: mighty
A: retaliatory headbutt, horns 2
a: no special abilities


You were on level 3 of the Dungeon.
You were not hungry.

You visited 1 branch of the dungeon, and saw 3 of its levels.

You collected 154 gold pieces.

Inventory:

Hand Weapons
 a - a +0 flail (weapon)
Armour
 b - a +0 scale mail (worn)
 c - a +0 shield (worn)
Scrolls
 g - 3 scrolls of identify {unknown}
 h - a scroll of teleportation {unknown}
 j - a scroll of enchant armour {unknown}
Potions
 e - 2 potions of flight {unknown}
 i - 4 potions of haste {unknown}
 l - a potion of curing {unknown}
 m - a potion of brilliance {unknown}
Comestibles
 f - 9 rations
 k - a chunk of flesh


   Skills:
 + Level 4.3 Fighting
 * Level 4.2 Maces & Flails
 + Level 4.4 Armour
 + Level 4.3 Shields


You had 3 spell levels left.
You didn't know any spells.
Your spell library was empty.

Dungeon Overview and Level Annotations

Branches:
Dungeon (3/15)

Altars:


Innate Abilities, Weirdness & Mutations

You reflexively headbutt those who attack you in melee.
You have a pair of horns on your head.


Message History

* * * LOW HITPOINT WARNING * * *
You closely miss something. Something hits you.
* * * LOW HITPOINT WARNING * * *
Something hits you but does no damage.
The orc priest miscasts a cantrip.
You feel very mighty all of a sudden.
Something hits you but does no damage. x2
You thump something! Something hits you but does no damage.
You block something's attack.
You barely miss something. Something hits you but does no damage.
The orc priest casts a cantrip, but nothing happens.
You block something's attack.
You closely miss something. You block something's attack.
The orc priest mumbles some strange prayers to Beogh against you.
Something writhes in agony!
You block something's attack.
You closely miss something. Something hits you but does no damage.
You hear some strange, mumbled words.
A puff of flame appears from out of thin air!
The puff of flame hits you!
You die...

### .. [. #. .#
#. .# #.#####
.# #.@{oo####
.# #####<...#
.######
##....##.......
#..>o........<.
#.....รท..##..#
#..............
#...[.##.##....
#.#..... .# .##
##.#..##### #


You could see an orc priest and an orc.

Vanquished Creatures
  5 adders (D:2)
  An ooze (D:2)
  A worm (D:2)
  5 dart slugs
  An orc (D:3)
  A giant cockroach (D:3)
  7 goblins
  7 hobgoblins
  4 jackals (D:1)
  6 bats
  4 frilled lizards
  8 kobolds
  5 rats
55 creatures vanquished.

Notes
Turn   | Place    | Note
-------+----------+-------------------------------------------
     0 | D:1      | Mrkan the Minotaur Fighter began the quest for the Orb.
     0 | D:1      | Reached XP level 1. HP: 19/19 MP: 0/0
    61 | D:1      | Reached XP level 2. HP: 15/27 MP: 1/1
   286 | D:1      | Reached XP level 3. HP: 29/33 MP: 2/2
  1130 | D:2      | Reached XP level 4. HP: 40/40 MP: 3/3
  1788 | D:3      | Killed from afar by an orc wizard

Levels and vault maps discovered:
D:1:      doesnt_arrival_eight_statues, layout_rooms, hex_large
D:2:      wad_crossroads, layout_basic
D:3:      layout_loops_ring

Skill      XL: |  1  2  3  4 |
---------------+-------------+-----
Maces & Flails | 3 4 |  4.2
Armour         | 4 |  4.4
Fighting       | 4 |  4.3
Shields        | 4 |  4.3

Action                   |  1- 3 |  4- 6 || total
-------------------------+-------+-------++-------
Melee: Flail             |   109 |    53 ||   162
       Headbutt          |    11 |     7 ||    18
  Use: Potion            |       |     1 ||     1
  Eat: Chunk             |     1 |     2 ||     3
Armor: Scale mail        |    36 |    21 ||    57
Dodge: Dodged            |    32 |    13 ||    45
Block: Shield            |    66 |    26 ||    92
